 Dungeon Crawl Stone Soup version 0.18-a0-1643-gb89d9db (webtiles) character file.

30103 M4edhros the Covert (level 13, -3/77 HPs)
             Began as an Octopode Fighter on Mar 29, 2016.
             Was an Initiate of Gozag.
             Slain by a nine-headed hydra (13 damage)
             ... on level 1 of the Lair of Beasts.
             The game lasted 00:24:37 (12750 turns).

M4edhros the Covert (Octopode Fighter)             Turns: 12750, Time: 00:24:38

Health: -3/77      AC:  3    Str: 19 (20) XL:     13   Next: 49%
Magic:  13/13      EV: 27    Int:  8 (10) God:    Gozag
Gold:   1186       SH: 14    Dex: 22      Spells: 0 memorised, 12 levels left

rFire  + . .     SeeInvis .     Y - +6 falchion of the Six Deaths {speed, rN+ Str+2 Dex+2}
rCold  + + .     Gourm    .     b - +1 shield
rNeg   + + .     Faith    .     k - +0 hat {rC+}
rPois  .         Spirit   .     t - amulet of regeneration
rElec  .         Dismiss  .     g - ring of protection from fire
rCorr  .         Reflect  .     h - +4 ring of evasion
SustAt .         Harm     .     u - ring of positive energy
MR     +++..     Rnd*Rage +     N - ring of protection from magic
Stlth  ++++++++..               (no ring)
                                I - +1 ring of evasion
                                o - ring of protection from cold
                                Z - +2 ring of dexterity

@: extremely resistant to hostile enchantments, extraordinarily stealthy
A: almost no armour, amphibious, 8 rings, constrict 8, fangs 2, slimy green
scales 1, camouflage 1, agile 1, berserk 2, blink, blurry vision 1,
deterioration 1, magic resistance 2, strong 1, gelatinous body 1, subdued magic
1
a: Blink, Potion Petition, Call Merchant, Bribe Branch, Renounce Religion


You were on level 1 of the Lair of Beasts.
You worshipped Gozag.
Gozag was noncommittal.
You were not hungry.

You visited 2 branches of the dungeon, and saw 14 of its levels.
You also visited: Ice Cave.

You collected 4236 gold pieces.
You spent 68 gold pieces at shops.
You paid 2982 gold pieces to Gozag.

Inventory:

Hand Weapons
 n - a +2 whip of electrocution
 D - a +0 blowgun
 J - a +1 rapier of speed
 O - a +7 hunting sling of flaming
 Y - the +6 falchion of the Six Deaths (weapon) {speed, rN+ Str+2 Dex+2}
   (You found it on level 12 of the Dungeon)

   Attacks with this weapon are significantly faster.
   It affects your strength (+2).
   It affects your dexterity (+2).
   It protects you from negative energy.
Missiles
 j - 437 stones (quivered)
 l - 44 sling bullets
 m - 5 silver sling bullets
 E - 116 poisoned needles
 F - 8 steel javelins
Armour
 b - a +1 shield (worn)
 k - a +0 hat of cold resistance (worn)
 K - a +1 hat
Jewellery
 g - a ring of protection from fire (left tentacle)
 h - a +4 ring of evasion (right tentacle)
 o - a ring of protection from cold (on tentacle)
 t - an amulet of regeneration (around mantle)
 u - a ring of positive energy (on tentacle)
 I - a +1 ring of evasion (on tentacle)
 N - a ring of protection from magic (on tentacle)
 U - an uncursed amulet of magic regeneration {unknown}
 Z - a +2 ring of dexterity (on tentacle)
Wands
 a - a wand of enslavement (13/24)
 e - a wand of iceblast (5/15)
 v - a wand of lightning (4/15)
 y - a wand of polymorph (15/24)
 B - a wand of slowing (29/48)
 S - a wand of lightning (5/15)
 V - a wand of heal wounds (3/9)
 X - a wand of disintegration (18/24)
Scrolls
 f - 2 scrolls of teleportation
 q - 3 scrolls of magic mapping
 r - a scroll of brand weapon {unknown}
 w - a scroll of fear
 C - 3 scrolls of recharging {unknown}
 G - a scroll of blinking {unknown}
 R - a scroll of silence {unknown}
Potions
 c - 4 potions of might
 s - a potion of invisibility {unknown}
 x - 3 potions of lignification
 z - 2 potions of heal wounds
 A - 2 potions of beneficial mutation {unknown}
 H - 2 potions of agility
 L - a potion of curing
 M - 3 potions of flight
 P - a potion of cancellation {unknown}
 T - 4 potions of degeneration {unknown}
 W - 3 potions of resistance {unknown}
Comestibles
 d - 12 bread rations
 i - 4 royal jellies
 p - 8 beef jerkies
 Q - 7 fruits


   Skills:
 - Level 3.0 Fighting
 * Level 1.7 Long Blades
 - Level 10.0 Maces & Flails
   Level 2.0 Polearms
 - Level 10.2 Slings
 * Level 10.8 Dodging
 - Level 13.7 Stealth
 * Level 10.6 Shields


You had 12 spell levels left.
You didn't know any spells.

Dungeon Overview and Level Annotations

Branches:
Dungeon (13/15)            Temple (0/1) D:6            Lair (1/8) D:8
    Orc (0/2) D:10
 Vaults: D:13-14

Altars:
Cheibriados
Dithmenos
Fedhas
Gozag
Makhleb
Pakellas
Yredelemnul
The Shining One

Shops:
D:8 (*   D:11 *   Lair:1 [[[

Portals:
Trove: D:13 (give potion of experience)


Innate Abilities, Weirdness & Mutations

You cannot wear most types of armour.
You are amphibious.
You can wear up to eight rings at the same time.
You can use your tentacles to constrict eight enemies at once.
Your skin changes colour to match your surroundings (Stealth).
Your rubbery body absorbs attacks (AC +1).
You have extremely sharp teeth.
You are partially covered in slimy green scales (AC +2).
You are agile. (Dex +2)
You often lose your temper in combat.
You can translocate small distances at will.
Scrolls take you a little longer to read.
Your body sometimes deteriorates upon taking damage.
You are highly resistant to hostile enchantments.
Your muscles are strong. (Str +2)
Your spells are a little easier to cast, but a little less powerful.


Message History

Really read with blurry vision while enemies are nearby?
The nine-headed hydra misses you.
The nine-headed hydra barely misses you.
The nine-headed hydra bites you!
* * * LOW HITPOINT WARNING * * *
Your body deteriorates!
You feel weakened.
You block the nine-headed hydra's attack.
The nine-headed hydra bites you.
* * * LOW HITPOINT WARNING * * *
You block the nine-headed hydra's attack.
The nine-headed hydra completely misses you.
The nine-headed hydra barely misses you.
The nine-headed hydra misses you.
You begin reading the scroll.
You continue reading the scroll.
The nine-headed hydra barely misses you.
The nine-headed hydra misses you. The nine-headed hydra bites you!
* * * LOW HITPOINT WARNING * * *
The nine-headed hydra bites you!
You die...
Your body crumbles into a pile of gold.

#....# ### #....###.##
#.#..P#...##
#.....#....#
#.#........#
#.#...#..####
#.######..#.###.#.#
###.####...∩∩........
####.#...D@...∩<.######.
##...#...##.......#
#.......####......#
#.......###.#####.P#
####.....### #.##
###...# #.. #...# #...
#...# .##. #....


You could see a nine-headed hydra.

Vanquished Creatures
  A white draconian (IceCv)
  Erolcha (D:9)
  A rakshasa (D:13)
  Erica (D:9)
  A tengu warrior (D:13)
  The ghost of Galewind the Fighter, a novice MiFi (D:7)
  The ghost of M4edhros the Sneak, a novice OpFi of Gozag (D:6)
  Pikel (D:5)
  3 hill giants
  A wolf spider zombie (D:12)
  A manticore (D:13)
  2 cyclopes
  2 centaur zombies
  An ice statue (IceCv)
  A gargoyle (D:10)
  A centaur skeleton (D:12)
  A komodo dragon (D:13)
  A kobold demonologist (D:8)
  A guardian mummy (D:13)
  2 trolls
  15 polar bears (IceCv)
  12 slime creatures
  Grinder (D:3)
  A two-headed ogre (D:8)
  Sigmund (D:4)
  A wyvern (D:12)
  14 yaks
  Eustachio (D:6)
  A warg (D:10)
  3 vampire mosquitoes (D:13)
  3 hungry ghosts
  Menkaure (D:5)
  A mottled dragon (D:11)
  A hippogriff (D:9)
  A water moccasin (D:7)
  Duvessa (D:5)
  A slave (D:5)
  13 ice beasts
  4 sky beasts
  10 orc warriors
  A phantom (D:9)
  7 ogres
  3 wasps
  11 wolves (IceCv)
  6 centaurs
  3 big kobolds (D:7)
  7 giant frogs
  2 gnoll sergeants (D:7)
  9 scorpions
  Dowan (D:5)
  32 killer bees
  13 wights
  6 crimson imps
  4 howler monkeys
  A giant frog zombie (D:11)
  2 jellies
  2 quasits
  A gnoll shaman (D:7)
  10 orc priests
  8 hounds
  A giant frog skeleton (D:8)
  4 iguanas
  12 orc wizards
  11 worker ants
  A hound skeleton (D:7)
  2 howler monkey zombies
  2 gnolls (D:7)
  10 adders
  4 shadow imps
  An ooze (D:2)
  2 worms (D:4)
  A dart slug (D:3)
  4 giant geckos
  43 orcs
  9 giant cockroaches
  10 goblins
  24 hobgoblins
  14 jackals
  4 quokkas
  2 ball pythons
  3 bats (D:2)
  6 giant newts
  16 kobolds
  2 quokka skeletons
  7 rats
435 creatures vanquished.

Vanquished Creatures (others)
  A wolf spider (D:3)
1 creature vanquished.

Grand Total: 436 creatures vanquished

Notes
Turn   | Place    | Note
--------------------------------------------------------------
     0 | D:1      | M4edhros the Octopode Fighter began the quest for the Orb.
     0 | D:1      | Reached XP level 1. HP: 16/16 MP: 1/1
   335 | D:1      | Reached XP level 2. HP: 17/21 MP: 2/2
   422 | D:1      | Reached skill level 1 in Stealth
   932 | D:2      | Reached XP level 3. HP: 26/26 MP: 3/3
   969 | D:2      | Reached skill level 1 in Maces & Flails
   973 | D:2      | Reached skill level 2 in Stealth
  1224 | D:2      | Reached XP level 4. HP: 26/31 MP: 4/4
  1471 | D:3      | Found an oddly glowing altar of Pakellas.
  1472 | D:3      | Noticed a wolf spider
  1489 | D:3      | Killed a wolf spider
  1518 | D:3      | Found a burning altar of Makhleb.
  1520 | D:3      | Noticed Grinder
  1535 | D:3      | Killed Grinder
  1535 | D:3      | Reached skill level 4 in Stealth
  1535 | D:3      | Reached XP level 5. HP: 33/36 MP: 5/5
  1535 | D:3      | Reached XP level 6. HP: 38/42 MP: 6/6
  2106 | D:3      | Found an opulent altar of Gozag.
  2157 | D:3      | Became a worshipper of Gozag Ym Sagoz the Greedy
  2341 | D:4      | Reached XP level 7. HP: 37/46 MP: 7/7
  2892 | D:4      | Reached skill level 5 in Dodging
  2892 | D:4      | Reached skill level 5 in Stealth
  2918 | D:4      | Noticed Sigmund
  2928 | D:4      | Gained mutation: You have very sharp teeth. [potion of mutation]
  2928 | D:4      | Gained mutation: You are agile. (Dex +2) [potion of mutation]
  2928 | D:4      | Gained mutation: You can translocate small distances at will. [potion of mutation]
  3105 | D:4      | Killed Sigmund
  3520 | D:5      | Entered Level 5 of the Dungeon
  3555 | D:5      | Reached skill level 5 in Shields
  3564 | D:5      | Noticed Menkaure
  3570 | D:5      | Killed Menkaure
  3570 | D:5      | Reached skill level 6 in Stealth
  3570 | D:5      | Reached XP level 8. HP: 52/52 MP: 8/8
  3696 | D:5      | Noticed Dowan
  3697 | D:5      | Noticed Duvessa
  3707 | D:5      | Killed Dowan
  3715 | D:5      | Killed Duvessa
  3761 | D:5      | Noticed Pikel
  3782 | D:5      | Killed Pikel
  3782 | D:5      | Reached skill level 5 in Maces & Flails
  3782 | D:5      | Reached skill level 7 in Stealth
  3782 | D:5      | Reached XP level 9. HP: 23/56 MP: 9/9
  4182 | D:5      | Gained mutation: You are partially covered in slimy green scales (AC +2). [potion of mutation]
  4182 | D:5      | Gained mutation: Your spells are a little easier to cast, but a little less powerful. [potion of mutation]
  4182 | D:5      | Gained mutation: You tend to lose your temper in combat. [potion of mutation]
  4183 | D:5      | Gained mutation: You have extremely sharp teeth. [potion of mutation]
  4183 | D:5      | Gained mutation: Your muscles are strong. (Str +2) [potion of mutation]
  4184 | D:5      | Gained mutation: You are resistant to hostile enchantments. [potion of mutation]
  4185 | D:5      | Gained mutation: You often lose your temper in combat. [potion of mutation]
  4185 | D:5      | Gained mutation: You are highly resistant to hostile enchantments. [potion of mutation]
  4185 | D:5      | Gained mutation: Your magical capacity is low (-10% MP). [potion of mutation]
  4215 | D:6      | Found a staircase to the Ecumenical Temple.
  4426 | D:6      | Noticed Eustachio
  4437 | D:6      | Killed Eustachio
  4437 | D:6      | Reached skill level 8 in Stealth
  4473 | D:6      | Found a glowing golden altar of the Shining One.
  4570 | D:6      | Found a snail-covered altar of Cheibriados.
  4759 | D:6      | Noticed M4edhros's ghost (novice OpFi)
  4767 | D:6      | Killed M4edhros's ghost
  4924 | D:6      | Found a shadowy altar of Dithmenos.
  5075 | D:7      | Noticed Galewind's ghost (novice MiFi)
  5091 | D:7      | Killed Galewind's ghost
  5091 | D:7      | Reached skill level 9 in Stealth
  5293 | D:7      | Reached XP level 10. HP: 63/63 MP: 9/9
  5485 | D:7      | Reached skill level 10 in Stealth
  5754 | D:7      | Found a blossoming altar of Fedhas.
  6433 | D:8      | Found a staircase to the Lair.
  6434 | D:8      | Found Hucaluh's Antique Weapon Emporium.
  6441 | D:8      | Bought a runed hunting sling for 34 gold pieces
  6441 | D:8      | Bought a glowing hunting sling for 34 gold pieces
  6497 | D:8      | Found an oddly glowing altar of Pakellas.
  6576 | D:8      | Found a basalt altar of Yredelemnul.
  6643 | D:8      | Reached skill level 1 in Slings
  6974 | D:8      | Noticed a kobold demonologist
  6988 | D:8      | Killed a kobold demonologist
  7531 | D:9      | Noticed Erolcha
  7546 | D:9      | Killed Erolcha
  7546 | D:9      | Reached skill level 11 in Stealth
  7546 | D:9      | Reached XP level 11. HP: 65/67 MP: 9/9
  7695 | D:9      | Noticed Erica
  7732 | D:9      | Killed Erica
  7912 | D:9      | Reached skill level 5 in Slings
  8206 | D:10     | Entered Level 10 of the Dungeon
  8207 | D:10     | Found a staircase to the Orcish Mines.
  9097 | D:11     | Found Codazil's Assorted Antiques.
  9340 | D:11     | Noticed a cyclops
  9349 | D:11     | Killed a cyclops
  9499 | D:11     | Reached skill level 12 in Stealth
  9573 | D:11     | Reached XP level 12. HP: 33/72 MP: 10/10
  9923 | D:12     | Gained mutation: Scrolls take you a little longer to read. [potion of mutation]
  9923 | D:12     | Lost mutation: Your magical capacity is low (-10% MP). [potion of mutation]
  9923 | D:12     | Gained mutation: Your body sometimes deteriorates upon taking damage. [potion of mutation]
 10412 | D:12     | Reached skill level 10 in Dodging
 10638 | D:13     | Found a frozen archway.
 10717 | IceCv    | Entered an ice cave
 11235 | IceCv    | Reached skill level 13 in Stealth
 11328 | IceCv    | Reached skill level 10 in Shields
 11399 | IceCv    | Noticed a white draconian
 11410 | IceCv    | Reached XP level 13. HP: 77/77 MP: 13/13
 11420 | IceCv    | Killed a white draconian
 11877 | D:13     | Noticed a rakshasa
 11910 | D:13     | Killed a rakshasa
 11910 | D:13     | Reached skill level 10 in Slings
 11966 | D:13     | Reached skill level 10 in Maces & Flails
 11989 | D:13     | Found a portal to a secret trove of treasure.
 12279 | D:12     | Got a blackened falchion
 12280 | D:12     | Identified the +6 falchion of the Six Deaths {speed, rN+ Str+2 Dex+2} (You found it on level 12 of the Dungeon)
 12570 | D:13     | Reached skill level 1 in Long Blades
 12705 | Lair:1   | Entered Level 1 of the Lair of Beasts
 12750 | Lair:1   | Slain by a nine-headed hydra

Vault maps used:
D:1:      tarquinn_simple_flora_water_d
D:2:      first_bread, kennysheep_potato
D:3:      lemuel_coloured_pillars_altar, old_standard_altar,
          gammafunk_pakellas_cloud_experiment, uniq_grinder
D:4:      wad_floor_pattern_untrapped, uniq_sigmund
D:5:      grunt_decor_mini_mirrors, kennysheep_generic_room_4, uniq_menkaure,
          uniq_duvessa, uniq_pikel
D:6:      nicolae_dithmenos_the_darkroom, kennysheep_little_box,
          minmay_temple_entry_grid, tso_metal_star, uniq_eustachio
D:7:      kennysheep_housing_project, fedhas_bush_and_centaur_altar,
          grunt_ogre_cave
D:8:      minmay_imperfect_grid, nicolae_overflow_hidden_temple, serial_shops,
          nicolae_shop_trees, serial_co_window_serial, co_window_corner_a,
          co_window_of_opportunity_a, co_window_of_opportunity_a,
          co_window_paths_a, co_window_paths_b, co_window_corner_b,
          glass_columns_c, glass_columns_a, glass_columns_a, lemuel_tele_altar
D:9:      uniq_erica, uniq_erolcha
D:10:     david_orc_3, hex_tiny
D:11:     serial_shops, nicolae_shop_overgrown_old_shop,
          kennysheep_generic_room_10
D:12:     hangedman_abyss_or_decor_stagger, serial_bayou_pond_c,
          hangedman_decor_lopped
D:13:     lightli_vaults_fourway_checkpoint, portal_ice_cave_entry_ice_beasts,
          nicolae_trove_entry_path_of_doom
Lair:1:   erik_1
IceCv:    ice_cave_small_giant

Skill      XL: |  1  2  3  4  5  6  7  8  9 10 11 12 13 |
---------------+----------------------------------------+-----
Stealth        | 1 2 4 6 7 9 11 12 13 | 13.7
Maces & Flails | 1 2 3 4 5 6 7 8 9 10 | 10.0
Dodging        | 4 5 6 7 8 9 10 | 10.8
Shields        | 4 5 6 7 8 9 10 | 10.6
Slings         | 4 7 9 10 | 10.2
Long Blades    | 1 |  1.7
Fighting       | |  3.0
Polearms       | |  2.0

Action                   |  1- 3 |  4- 6 |  7- 9 | 10-12 | 13-15 || total
-------------------------+-------+-------+-------+-------+-------++-------
Melee: Trident           |    17 |       |       |       |       ||    17
       Whip              |    49 |    89 |   168 |   729 |   114 ||  1149
       Rapier            |       |       |       |     1 |       ||     1
       Falchion          |       |       |       |       |    79 ||    79
 Fire: Hunting sling     |       |       |       |   217 |     6 ||   223
Invok: Call Merchant     |       |       |       |     1 |     3 ||     4
Evoke: Wand              |       |       |       |     6 |     2 ||     8
  Use: Potion            |       |     2 |     9 |     8 |       ||    19
       Scroll            |       |       |     5 |    12 |       ||    17
 Stab: Sleeping          |     6 |     5 |    13 |    23 |     7 ||    54
       Distracted        |       |     1 |     2 |     5 |     2 ||    10
  Eat: Chunk             |     1 |     2 |       |       |       ||     3
       Meat ration       |       |       |     2 |     5 |     1 ||     8
       Royal jelly       |       |       |     1 |       |       ||     1
       Beef jerky        |       |       |       |     2 |     1 ||     3
       Pizza             |       |       |       |     1 |     1 ||     2
